 Dungeon Crawl Stone Soup version 0.23.2-30-g0e89c35649 (webtiles) character file.

Game seed: 1007204366741630870

86 BorisKarlOrff the Poker (level 4, -3/38 HPs)
             Began as a Merfolk Chaos Knight on June 14, 2019.
             Was a Plaything of Xom.
             Slain by a centaur (11 damage)
             ... on level 3 of the Dungeon.
             The game lasted 00:05:06 (2251 turns).

BorisKarlOrff the Poker (Merfolk Chaos Knight)      Turns: 2251, Time: 00:05:06

Health: -3/38      AC:  7    Str: 13    XL:     4   Next: 50%
Magic:  4/4        EV: 13    Int: 11    God:    Xom [....*.]
Gold:   53         SH:  0    Dex: 15    Spells: 3/3 levels left

rFire    . . .     SeeInvis .   a - +0 spear (chaos)
rCold    . . .     Gourm    .   (no shield)
rNeg     . . .     Faith    .   b - +3 leather armour
rPois    .         Spirit   .   (helmet restricted)
rElec    .         Reflect  .   (no cloak)
rCorr    .         Harm     .   (no gloves)
MR       .....                  (no boots)
Stlth    ++........             (no amulet)
HPRegen  0.12/turn              (no ring)
MPRegen  0.09/turn              (no ring)

@: no status effects
A: change form in water, swift swim, stealthy swim, claws 1, horns 1, rugged
brown scales 1, thin skeletal structure 1
a: Renounce Religion


You were on level 3 of the Dungeon.
You worshipped Xom.
You were a beloved toy of Xom.
You were not hungry.

You visited 1 branch of the dungeon, and saw 3 of its levels.

You collected 53 gold pieces.

Inventory:

Hand Weapons
 a - a +0 spear of chaos (weapon)
Armour
 b - a +3 leather armour (worn)
Wands
 g - a wand of digging (4)
Scrolls
 d - a scroll of enchant armour
 e - a scroll of amnesia
 h - a scroll of remove curse
Comestibles
 c - 2 rations


   Skills:
 + Level 4.0 Fighting
 + Level 5.4 Polearms
 + Level 1.0 Armour
 + Level 3.6 Dodging
 + Level 1.9 Stealth


You had 3 spell levels left.
You didn't know any spells.
Your spell library was empty.

Dungeon Overview and Level Annotations

Branches:
Dungeon (3/15)

Altars:
Dithmenos
Trog
Xom


Innate Abilities, Weirdness & Mutations

You revert to your normal form in water You are very nimble and swift while swimming.
You are very stealthy in the water. (Stealth+)
You have sharp fingernails.
You have a pair of small horns on your head.
You are partially covered in rugged brown scales. (AC +1, +3% HP)
You have a somewhat thin skeletal structure. (Dex +2, Stealth)


Message History

You hit the centaur.
The centaur flickers and vanishes!
Deactivating autopickup; reactivate with Ctrl-A.
Xom is highly amused!
The ball python misses you. x2; Something hits you but does no damage.
The giant cockroach barely misses you.
You miss something. Something hits you but does no damage.
The ball python barely misses you. The ball python closely misses you.
The giant cockroach barely misses you. Something hits you but does no damage.
You hit something.
The ball python bites you but does no damage.
The ball python closely misses you. The giant cockroach barely misses you.
Something hits you!
* * * LOW HITPOINT WARNING * * *
You closely miss something. The giant cockroach closely misses you.
The ball python closely misses you. x2; Something hits you!
* * * LOW HITPOINT WARNING * * *
It was a potion of curing.
You feel better.
Xom roars with laughter!
Something hits you!
You die...

.....# <........%.#
####....#
..........####.......#
..........##.......#..
..........##.#.....#..
........##.......#..
......# #.#.#.#.#..
######....###..........
#.....@{##...!#.#.#....
#.....Ss.).............
#.......##....#.#.#....
.........##.##.......#..
.........##.##..........
...#.!.....?.%..........
...#........##..........
.. #.....$............#.
#......... ..........


You could see a giant cockroach and a ball python.

Vanquished Creatures
  2 adders (D:2)
  An ooze (D:3)
  4 worms (D:2)
  3 leopard geckos
  An orc (D:3)
  4 giant cockroaches (D:2)
  6 goblins
  7 hobgoblins
  A quokka (D:2)
  5 bats
  3 frilled lizards (D:2)
  8 kobolds
  4 rats
49 creatures vanquished.

Notes
Turn   | Place    | Note
-------+----------+-------------------------------------------
     0 | D:1      | BorisKarlOrff the Merfolk Chaos Knight began the quest for
                  | the Orb.
     0 | D:1      | Reached XP level 1. HP: 18/18 MP: 1/1
    84 | D:1      | XOM: potion effect (invisibility)
    94 | D:1      | XOM: harmless Chrm miscast
   117 | D:1      | XOM: medium Chrm miscast
   176 | D:1      | Reached XP level 2. HP: 24/24 MP: 2/2
   621 | D:1      | XOM: mild Necr miscast
   767 | D:1      | XOM: give mutations
   767 | D:1      | Gained mutation: You have a somewhat thin skeletal
                  | structure. (Dex +2, Stealth) [Xom's grace]
   767 | D:1      | Gained mutation: You have sharp fingernails. [Xom's grace]
   767 | D:1      | Gained mutation: You are partially covered in rugged brown
                  | scales. (AC +1, +3% HP) [Xom's grace]
   767 | D:1      | Gained mutation: You have a pair of small horns on your
                  | head. [Xom's grace]
   790 | D:2      | Reached skill level 1 in Stealth
   790 | D:2      | Reached XP level 3. HP: 18/29 MP: 3/3
  1094 | D:2      | XOM: 1-stop teleportation journey
  1113 | D:2      | Reached skill level 5 in Polearms
  1246 | D:2      | Found a shadowy altar of Dithmenos.
  1254 | D:2      | Reached skill level 1 in Armour
  1254 | D:2      | XOM: confuse monster(s)
  1262 | D:2      | XOM: fog
  1853 | D:2      | Reached XP level 4. HP: 35/37 MP: 4/4
  1859 | D:2      | XOM: god gift: wand of digging (4)
  1989 | D:2      | XOM: scenery: create altars
  2144 | D:2      | Found a bloodstained altar of Trog.
  2238 | D:3      | Noticed a centaur
  2238 | D:3      | a worm changed into a centaur
  2238 | D:3      | XOM: polymorph worm -> centaur
  2251 | D:3      | Slain by a centaur

Skill      XL: |  1  2  3  4 |
---------------+-------------+-----
Dodging        | 3 |  3.6
Stealth        | 1 |  1.9
Polearms       | 5 |  5.4
Armour         | 1 |  1.0
Fighting       | 4 |  4.0

Action                   |  1- 3 |  4- 6 || total
-------------------------+-------+-------++-------
Melee: Spear             |    98 |    67 ||   165
       Headbutt          |    16 |     7 ||    23
  Use: Scroll            |     6 |       ||     6
       Potion            |     2 |     1 ||     3
 Stab: Invisible         |     2 |       ||     2
       Paralysed         |     3 |       ||     3
       Petrified         |     7 |       ||     7
       Sleeping          |     1 |     1 ||     2
       Confused          |     1 |       ||     1
       Petrifying        |     1 |       ||     1
  Eat: Ration            |     1 |     1 ||     2
Armor: Leather armour    |    25 |    29 ||    54
Dodge: Dodged            |    62 |    56 ||   118
